TOP OF THE 1ST |
---|
Fresno HS Red Wings batting - Pitching for H.H. Dow HS Chargers : RHP James West | Pitching: RHP James West | | Batting: RHB Mike Peterson | 0-0: Ball 1-0: Foul Ball, location: 2F 1-1: Bunt for hit - play at first, batter OUT! 1-3 | Batting: RHB Darrell McCoy | 0-0: Ball 1-0: Foul Ball, location: 2F 1-1: Ball 2-1: Ball 3-1: SINGLE (Line Drive, 8LM) | Batting: RHB Thomas English | 0-0: Ball 1-0: Ball 2-0: Ball 3-0: Called Strike 3-1: Base on Balls Darrell McCoy to second | Batting: SHB Xavier Stout | 0-0: Called Strike 0-1: Called Strike 0-2: Foul Ball, location: 2F 0-2: Ball 1-2: Foul Ball, location: 2F 1-2: Ball 2-2: Fielders Choice at 2nd, 1-6 (Groundball, 13S) Darrell McCoy to third | Batting: RHB Bob Howard | 0-0: Called Strike 0-1: Ball 1-1: Called Strike 1-2: Fly out, F9 (Flyball, 9) | Top of the 1st over - 0 runs, 1 hit, 0 errors, 2 left on base; Fresno HS 0 - H.H. Dow HS 0 | BOTTOM OF THE 1ST |
---|
H.H. Dow HS Chargers batting - Pitching for Fresno HS Red Wings : RHP Vic Burton | Pitching: RHP Vic Burton | | Batting: LHB Walt George | 0-0: DOUBLE (Line Drive, 9) | Batting: RHB Edward Baker | 0-0: Swinging Strike 0-1: Called Strike 0-2: Ball 1-2: Strikes out swinging | Batting: RHB Don Bailey | 0-0: SINGLE (Groundball, 6M) (infield hit) Walt George to third | Batting: RHB Melvin Matthews | 0-0: Called Strike 0-1: Called Strike 0-2: Strikes out swinging | Batting: RHB Michael Walker | 0-0: Called Strike 0-1: Ball 1-1: Called Strike 1-2: Ball 2-2: Foul Ball, location: 2F 2-2: Ground out 4-3 (Groundball, 4) | Bottom of the 1st over - 0 runs, 2 hits, 0 errors, 2 left on base; Fresno HS 0 - H.H. Dow HS 0 | TOP OF THE 2ND |
---|
Fresno HS Red Wings batting - Pitching for H.H. Dow HS Chargers : RHP James West | Batting: RHB Roberto Santos | 0-0: Ball 1-0: Called Strike 1-1: Foul Ball, location: 2F 1-2: Strikes out looking | Batting: RHB José Cómpoz | 0-0: Ball 1-0: Foul Ball, location: 2F 1-1: Swinging Strike 1-2: Foul Ball, location: 2F 1-2: Strikes out looking | Batting: RHB Luis Mata | 0-0: Foul Ball, location: 2F 0-1: Ball 1-1: Ball 2-1: Ball 3-1: Foul Ball, location: 2F 3-2: Strikes out swinging | Top of the 2nd over - 0 runs, 0 hits, 0 errors, 0 left on base; Fresno HS 0 - H.H. Dow HS 0 | BOTTOM OF THE 2ND |
---|
H.H. Dow HS Chargers batting - Pitching for Fresno HS Red Wings : RHP Vic Burton | Batting: SHB Bob Erwin | 0-0: Called Strike 0-1: Ball 1-1: Swinging Strike 1-2: Foul Ball, location: 2F 1-2: Strikes out swinging | Batting: RHB Roberto Ramírez | 0-0: Ball 1-0: Ball 2-0: Called Strike 2-1: DOUBLE (Groundball, 5L) | Batting: RHB Paul Brown | 0-0: Called Strike 0-1: Ball 1-1: Called Strike 1-2: Ball 2-2: Fly out, F3 (Popup, 3SF) | Batting: RHB Pat Turner | 0-0: Foul Ball, location: 2F 0-1: Foul Ball, location: 2F 0-2: Ball 1-2: Foul Ball, location: 2F 1-2: Strikes out swinging | Bottom of the 2nd over - 0 runs, 1 hit, 0 errors, 1 left on base; Fresno HS 0 - H.H. Dow HS 0 | TOP OF THE 3RD |
---|
Fresno HS Red Wings batting - Pitching for H.H. Dow HS Chargers : RHP James West | Batting: RHB Adrián Velásquez | 0-0: Called Strike 0-1: Ball 1-1: Foul Ball, location: 2F 1-2: Strikes out looking | Batting: RHB Mike Peterson | 0-0: Ball 1-0: Ball 2-0: Called Strike 2-1: Fly out, F8 (Flyball, 8RD) | Batting: RHB Darrell McCoy | 0-0: Ball 1-0: Swinging Strike 1-1: Foul Ball, location: 2F 1-2: Strikes out swinging | Top of the 3rd over - 0 runs, 0 hits, 0 errors, 0 left on base; Fresno HS 0 - H.H. Dow HS 0 | BOTTOM OF THE 3RD |
---|
H.H. Dow HS Chargers batting - Pitching for Fresno HS Red Wings : RHP Vic Burton | Batting: LHB Walt George | 0-0: Ground out 4-3 (Groundball, 4) | Batting: RHB Edward Baker | 0-0: Called Strike 0-1: Ball 1-1: Ball 2-1: Ground out 5-3 (Groundball, 56S) | Batting: RHB Don Bailey | 0-0: Called Strike 0-1: Ball 1-1: Ball 2-1: Called Strike 2-2: Ground out 4-3 (Groundball, 4) | Bottom of the 3rd over - 0 runs, 0 hits, 0 errors, 0 left on base; Fresno HS 0 - H.H. Dow HS 0 | TOP OF THE 4TH |
---|
Fresno HS Red Wings batting - Pitching for H.H. Dow HS Chargers : RHP James West | Batting: RHB Thomas English | 0-0: Called Strike 0-1: Ball 1-1: Called Strike 1-2: Ball 2-2: Foul Ball, location: 2F 2-2: SINGLE (Groundball, 6M) (infield hit) | Batting: SHB Xavier Stout | 0-0: Called Strike 0-1: Called Strike 0-2: Ball 1-2: Ball Thomas English steals 2nd base 2-2: DOUBLE (Flyball, 8LXD) Thomas English scores | Batting: RHB Bob Howard | 0-0: Ball 1-0: Called Strike 1-1: SINGLE (Line Drive, 34D) Xavier Stout to third | Batting: RHB Roberto Santos | 0-0: Hit by Pitch Bob Howard to second | Batting: RHB José Cómpoz | 0-0: Ball Wild Pitch! Xavier Stout scores Bob Howard to third Roberto Santos to second 1-0: Foul Ball, location: 2F 1-1: Ball 2-1: Foul Ball, location: 2F 2-2: Strikes out swinging | Pitching: RHP Tomás Granados | | Batting: RHB Luis Mata | 0-0: Called Strike 0-1: Swinging Strike 0-2: Ball 1-2: Ball 2-2: Ball 3-2: Base on Balls | Batting: RHB Adrián Velásquez | 0-0: Ball 1-0: SINGLE (Groundball, 4MD) Bob Howard scores Roberto Santos to third Luis Mata to second | Batting: RHB Mike Peterson | 0-0: Ball 1-0: Ball 2-0: Ball 3-0: Base on Balls Roberto Santos scores Luis Mata to third Adrián Velásquez to second | Batting: RHB Darrell McCoy | 0-0: Called Strike 0-1: Ball 1-1: Grounds into double play, 3-6-4 (Groundball, 34) | Top of the 4th over - 4 runs, 4 hits, 0 errors, 2 left on base; Fresno HS 4 - H.H. Dow HS 0 | BOTTOM OF THE 4TH |
---|
H.H. Dow HS Chargers batting - Pitching for Fresno HS Red Wings : RHP Vic Burton | Batting: RHB Melvin Matthews | 0-0: Called Strike 0-1: Called Strike 0-2: Foul Ball, location: 2F 0-2: Fly out, F4 (Popup, 4) | Batting: RHB Michael Walker | 0-0: Called Strike 0-1: Ball 1-1: Swinging Strike 1-2: Ball 2-2: Strikes out swinging | Batting: SHB Bob Erwin | 0-0: Fly out, F4 (Popup, 3DF) | Bottom of the 4th over - 0 runs, 0 hits, 0 errors, 0 left on base; Fresno HS 4 - H.H. Dow HS 0 | TOP OF THE 5TH |
---|
Fresno HS Red Wings batting - Pitching for H.H. Dow HS Chargers : RHP Tomás Granados | Batting: RHB Thomas English | 0-0: Ball 1-0: Called Strike 1-1: Foul Ball, location: 2F 1-2: DOUBLE (Groundball, 3L) | Batting: SHB Xavier Stout | 0-0: Intentional Walk | Batting: RHB Bob Howard | 0-0: Fly out, F9 (Flyball, 9LM) | Batting: RHB Roberto Santos | 0-0: SINGLE (Line Drive, 8RS) Thomas English to third Xavier Stout to second Runner from 3rd tries for Home, SAFE, no throw | Batting: RHB José Cómpoz | 0-0: Ball 1-0: Ball 2-0: Ground out 5-3 (Groundball, 56S) Xavier Stout to third Roberto Santos to second | Batting: RHB Luis Mata | 0-0: Called Strike 0-1: Foul Ball, location: 2F 0-2: Ball 1-2: Ball 2-2: Ball 3-2: Base on Balls | Batting: RHB Adrián Velásquez | 0-0: Ball 1-0: Ground out 3-1 (Groundball, 34) | Top of the 5th over - 1 run, 2 hits, 0 errors, 3 left on base; Fresno HS 5 - H.H. Dow HS 0 | BOTTOM OF THE 5TH |
---|
H.H. Dow HS Chargers batting - Pitching for Fresno HS Red Wings : RHP Vic Burton | Batting: RHB Roberto Ramírez | 0-0: Ball 1-0: Foul Ball, location: 2F 1-1: Ball 2-1: Foul Ball, location: 2F 2-2: Foul Ball, location: 2F 2-2: Foul Ball, location: 2F 2-2: Strikes out swinging | Batting: RHB Paul Brown | 0-0: Called Strike 0-1: Foul Ball, location: 2F 0-2: Foul Ball, location: 2F 0-2: Foul Ball, location: 2F 0-2: Foul Ball, location: 2F 0-2: Hit by Pitch | Batting: RHB Pat Turner | 0-0: Ball 1-0: Called Strike 1-1: Ball 2-1: SINGLE (Groundball, 34) (infield hit) Paul Brown to second | Batting: LHB Walt George | 0-0: Ball 1-0: Ball 2-0: Swinging Strike 2-1: Ball 3-1: Fly out, F9 (Flyball, 9) | Batting: RHB Edward Baker | 0-0: Ball 1-0: Ball 2-0: Ball 3-0: Base on Balls Paul Brown to third Pat Turner to second | Pitching: RHP Tracy O'Cannahan | | Batting: RHB Don Bailey | 0-0: Foul Ball, location: 2F 0-1: Ball 1-1: Foul Ball, location: 2F 1-2: Ball 2-2: Foul Ball, location: 2F 2-2: Ball 3-2: SINGLE (Flyball, 56D) Paul Brown scores Pat Turner to third Edward Baker to second Pat Turner scores Edward Baker to third | Batting: RHB Melvin Matthews | 0-0: Called Strike 0-1: Called Strike 0-2: SINGLE (Groundball, 34) (infield hit) Edward Baker scores Don Bailey to second | Batting: RHB Michael Walker | 0-0: Called Strike 0-1: Ball 1-1: Foul Ball, location: 2F 1-2: Hit by Pitch Don Bailey to third Melvin Matthews to second | Batting: SHB Bob Erwin | 0-0: Called Strike 0-1: Ball 1-1: Foul Ball, location: 2F 1-2: Ball 2-2: Ball 3-2: Ground out 4-3 (Groundball, 34D) | Bottom of the 5th over - 3 runs, 3 hits, 0 errors, 3 left on base; Fresno HS 5 - H.H. Dow HS 3 | TOP OF THE 6TH |
---|
Fresno HS Red Wings batting - Pitching for H.H. Dow HS Chargers : RHP Tomás Granados | Batting: RHB Mike Peterson | 0-0: Foul Ball, location: 2F 0-1: Fly out, F7 (Flyball, 7LMF) | Batting: RHB Darrell McCoy | 0-0: Foul Ball, location: 2F 0-1: Fly out, F7 (Line Drive, 78D) | Batting: RHB Thomas English | 0-0: Ball 1-0: Fly out, F9 (Flyball, 9D) | Top of the 6th over - 0 runs, 0 hits, 0 errors, 0 left on base; Fresno HS 5 - H.H. Dow HS 3 | BOTTOM OF THE 6TH |
---|
H.H. Dow HS Chargers batting - Pitching for Fresno HS Red Wings : RHP Tracy O'Cannahan | Batting: RHB Roberto Ramírez | 0-0: Ball 1-0: Ball 2-0: Ball 3-0: Base on Balls | Batting: RHB Paul Brown | 0-0: Called Strike 0-1: Swinging Strike 0-2: Ball 1-2: SINGLE (Groundball, 6MD) Roberto Ramírez to second Runner from 2nd tries for 3rd, SAFE, no throw | Batting: RHB Pat Turner | 0-0: Swinging Strike 0-1: Ball 1-1: Ground out 5-3 (Groundball, 56) Paul Brown to second | Pitching: LHP António Muñóz | | Batting: LHB Walt George | 0-0: Ball 1-0: Swinging Strike 1-1: Ball 2-1: Called Strike 2-2: Strikes out looking | Batting: RHB Edward Baker | 0-0: Ball 1-0: Ball 2-0: Called Strike 2-1: Foul Ball, location: 2F 2-2: Ball 3-2: Strikes out looking | Bottom of the 6th over - 0 runs, 1 hit, 0 errors, 2 left on base; Fresno HS 5 - H.H. Dow HS 3 | TOP OF THE 7TH |
---|
Fresno HS Red Wings batting - Pitching for H.H. Dow HS Chargers : RHP Tomás Granados | Batting: SHB Xavier Stout | 0-0: Ball 1-0: Ground out U3 (Groundball, 3L) | Batting: RHB Bob Howard | 0-0: Called Strike 0-1: Ball 1-1: Ball 2-1: Ball 3-1: Base on Balls | Pitching: RHP Alberto Gonzáles | | Batting: RHB Roberto Santos | 0-0: Ball 1-0: Called Strike 1-1: Foul Ball, location: 2F 1-2: Strikes out swinging | Batting: RHB José Cómpoz | 0-0: Reached on error, E5 (Groundball, 56) Bob Howard to third | Pinch Hitting: RHB Harry Payne | 0-0: Swinging Strike 0-1: Ball 1-1: Ground out 6-3 (Groundball, 6M) | Top of the 7th over - 0 runs, 0 hits, 1 error, 2 left on base; Fresno HS 5 - H.H. Dow HS 3 | BOTTOM OF THE 7TH |
---|
H.H. Dow HS Chargers batting - Pitching for Fresno HS Red Wings : LHP António Muñóz | Now in LF: Steven Springer | | Batting: RHB Don Bailey | 0-0: Ball 1-0: Ball 2-0: Called Strike 2-1: Swinging Strike 2-2: Strikes out looking | Batting: RHB Melvin Matthews | 0-0: Ball 1-0: Ball 2-0: Ball 3-0: Called Strike 3-1: Foul Ball, location: 2F 3-2: Foul Ball, location: 2F 3-2: Foul Ball, location: 2F 3-2: SINGLE (Line Drive, 8RS) | Batting: RHB Michael Walker | 0-0: Ball 1-0: Ball 2-0: Foul Ball, location: 2F 2-1: Ball 3-1: Foul Ball, location: 2F 3-2: Foul Ball, location: 2F 3-2: Foul Ball, location: 2F 3-2: Grounds into double play, 3-6-3 (Groundball, 34) | Bottom of the 7th over - 0 runs, 1 hit, 0 errors, 0 left on base; Fresno HS 5 - H.H. Dow HS 3 | TOP OF THE 8TH |
---|
Fresno HS Red Wings batting - Pitching for H.H. Dow HS Chargers : RHP Alberto Gonzáles | Batting: RHB Adrián Velásquez | 0-0: Ball 1-0: Ball 2-0: Swinging Strike 2-1: SINGLE (Line Drive, 5S) | Batting: RHB Mike Peterson | 0-0: Ball 1-0: Ball 2-0: DOUBLE (Flyball, 8LD) Adrián Velásquez to third Runner from 3rd tries for Home, SAFE, no throw | Batting: RHB Darrell McCoy | 0-0: Foul Ball, location: 2F 0-1: Swinging Strike 0-2: Ball 1-2: Foul Ball, location: 2F 1-2: Fly out, F8 (Flyball, 8LD) Runner from 2nd tags up, SAFE at 3rd with throw | Batting: RHB Thomas English | 0-0: Intentional Walk | Batting: SHB Xavier Stout | 0-0: Called Strike 0-1: 3-RUN HOME RUN (Flyball, 9LD), Distance : 362 ft | Pitching: RHP Reynaldo Reyes | | Batting: RHB Bob Howard | 0-0: Called Strike 0-1: Called Strike 0-2: Foul Ball, location: 2F 0-2: Ball 1-2: Ball 2-2: Strikes out swinging | Batting: RHB Roberto Santos | 0-0: Called Strike 0-1: Foul Ball, location: 2F 0-2: Strikes out swinging | Top of the 8th over - 4 runs, 3 hits, 0 errors, 0 left on base; Fresno HS 9 - H.H. Dow HS 3 | BOTTOM OF THE 8TH |
---|
H.H. Dow HS Chargers batting - Pitching for Fresno HS Red Wings : LHP António Muñóz | Now at C: Chris Myers | | Batting: SHB Bob Erwin | 0-0: Ball 1-0: Foul Ball, location: 2F 1-1: Swinging Strike 1-2: Strikes out swinging | Batting: RHB Roberto Ramírez | 0-0: Called Strike 0-1: Ball 1-1: Called Strike 1-2: Foul Ball, location: 2F 1-2: Ball 2-2: Fly out, F3 (Popup, 3SF) | Batting: RHB Paul Brown | 0-0: Foul Ball, location: 2F 0-1: Ball 1-1: Ball 2-1: Foul Ball, location: 2F 2-2: Ball 3-2: Foul Ball, location: 2F 3-2: Foul Ball, location: 2F 3-2: Fly out, F8 (Flyball, 8LM) | Bottom of the 8th over - 0 runs, 0 hits, 0 errors, 0 left on base; Fresno HS 9 - H.H. Dow HS 3 | TOP OF THE 9TH |
---|
Fresno HS Red Wings batting - Pitching for H.H. Dow HS Chargers : RHP Reynaldo Reyes | Batting: RHB José Cómpoz | 0-0: Foul Ball, location: 2F 0-1: Called Strike 0-2: Ball 1-2: Ball 2-2: SINGLE (Flyball, 8RS) | Batting: RHB Steven Springer | 0-0: Called Strike 0-1: Ground out U3 (Groundball, 34) José Cómpoz to second | Batting: RHB Adrián Velásquez | 0-0: Ball 1-0: Ball 2-0: Called Strike 2-1: Ball 3-1: Foul Ball, location: 2F 3-2: Foul Ball, location: 2F 3-2: Base on Balls | Batting: RHB Mike Peterson | 0-0: Called Strike 0-1: Foul Ball, location: 2F 0-2: Ball 1-2: Strikes out swinging | Batting: RHB Darrell McCoy | 0-0: Foul Ball, location: 2F 0-1: Swinging Strike 0-2: Ball 1-2: Ball 2-2: Strikes out swinging | Top of the 9th over - 0 runs, 1 hit, 0 errors, 2 left on base; Fresno HS 9 - H.H. Dow HS 3 | BOTTOM OF THE 9TH |
---|
H.H. Dow HS Chargers batting - Pitching for Fresno HS Red Wings : LHP António Muñóz | Batting: RHB Pat Turner | 0-0: Called Strike 0-1: Ball 1-1: Foul Ball, location: 2F 1-2: Ball 2-2: Foul Ball, location: 2F 2-2: Strikes out looking | Batting: LHB Walt George | 0-0: Ball 1-0: Ball 2-0: Swinging Strike 2-1: Ball 3-1: Called Strike 3-2: Strikes out swinging | Batting: RHB Edward Baker | 0-0: DOUBLE (Line Drive, 78D) | Batting: RHB Don Bailey | 0-0: Foul Ball, location: 2F 0-1: Foul Ball, location: 2F 0-2: Ball 1-2: Ground out 1-3 (Groundball, P) | Bottom of the 9th over - 0 runs, 1 hit, 0 errors, 1 left on base; Fresno HS 9 - H.H. Dow HS 3 | |